Map: Snowbound Colony

Players

Heizenberg

  • Race: Protoss Protoss
  • Spawn Location: 7:00

Topaldede

  • Race: Protoss Protoss
  • Spawn Location: 7:00

Fedayi

  • Race: Protoss Protoss
  • Spawn Location: 6:00

Razmig

  • Race: Terran Terran
  • Spawn Location: 12:00

Marquis

  • Race: Protoss Protoss
  • Spawn Location: 1:00

VOD

Have the link to the VOD?

Description

Time

  • Played on: Oct. 9, 2020, 9:53 p.m.
  • Length: 15:33
Show
View Real Time Build Order
Export as new Build Order

Heizenberg Protoss 

Build Orders:  

Get SALT Encoding   

  10  0:26  Probe (Chrono Boost)  
  10  1:31  Probe  
Show
View Real Time Build Order
Export as new Build Order

Topaldede Protoss 

Build Orders:  

Get SALT Encoding   

  12  0:14  Pylon  
  12  0:15  Probe  
  13  0:38  Gateway  
  13  0:46  Assimilator  
  13  0:59  Gateway  
  13  1:10  Probe (Chrono Boost)  
  14  1:21  Probe (Chrono Boost)  
  15  1:27  Zealot (Chrono Boost)  
  15  1:30  Gateway  
  17  1:37  Pylon  
  17  1:45  Zealot (Chrono Boost)  
  17  1:53  Zealot  
  21  1:57  Probe  
  18  2:21  Probe  
  14  2:33  Probe  
  15  2:39  Zealot (Chrono Boost)  
  21  2:47  Zealot (Chrono Boost)  
  17  2:51  Probe  
  18  2:58  Zealot (Chrono Boost)  
  16  3:20  Zealot  
  18  3:31  Probe (Chrono Boost)  
  20  3:42  Probe (Chrono Boost)  
  20  3:46  Probe (Chrono Boost)  
  21  3:59  Forge  
  22  4:02  Probe  
  22  4:03  Cybernetics Core  
  22  4:21  Zealot  
  24  4:25  Probe (Chrono Boost)  
  25  4:35  Probe (Chrono Boost)  
  26  4:40  Probe (Chrono Boost)  
  41  4:45  Warp Gate  
  27  5:05  Shield Battery  
  27  5:28  Stalker  
  29  5:29  Stalker  
  25  5:56  Zealot  
  25  5:58  Stalker  
  27  6:08  Photon Cannon  
  27  6:20  Probe (Chrono Boost)  
  27  6:23  Protoss Ground Weapons Level 1  
  28  6:31  Probe (Chrono Boost)  
  29  6:34  Assimilator  
  29  6:35  Probe (Chrono Boost)  
  30  7:08  Nexus  
  28  7:17  Pylon  
  20  7:33  Pylon  
  20  7:52  Robotics Facility  
  20  7:54  Robotics Facility  
  20  7:59  Stalker x2  
  24  8:06  Zealot  
  26  8:24  Probe (Chrono Boost)  
  27  8:31  Stalker  
  27  8:32  Assimilator  
  30  8:34  Probe (Chrono Boost)  
  30  8:38  Assimilator  
  30  8:39  Probe (Chrono Boost)  
  31  8:42  Stalker  
  33  8:50  Probe  
  34  9:03  Probe  
  33  9:15  Probe  
  26  9:17  Stalker x2  
  30  9:27  Probe  
  31  9:35  Stargate  
  31  9:37  Stargate  
  31  9:39  Probe  
  32  9:51  Probe  
  33  9:57  Shield Battery  
  33  10:03  Probe  
  34  10:15  Probe  
  34  10:26  Void Ray  
  34  10:27  Probe (Chrono Boost)  
  35  10:30  Immortal x2  
  45  10:39  Probe (Chrono Boost)  
  44  10:44  Void Ray  
  44  10:47  Probe (Chrono Boost)  
  45  10:54  Probe  
  50  10:59  Stalker  
  52  11:06  Probe  
  53  11:25  Pylon  
  53  11:26  Pylon  
  53  11:27  Pylon  
  53  11:34  Void Ray x2 (Chrono Boost)  
  53  11:38  Pylon  
  61  11:55  Stalker x2  
  65  12:09  Stargate  
  65  12:11  Stargate  
  65  12:20  Stargate  
  65  12:31  Immortal  
  69  12:40  Void Ray, Probe (Chrono Boost)  
  70  12:50  Probe (Chrono Boost)  
  75  12:55  Probe (Chrono Boost)  
  62  13:27  Void Ray  
  62  13:30  Void Ray x2  
  62  13:31  Void Ray  
  62  13:50  Stalker  
  62  13:53  Nexus  
  64  13:57  Assimilator  
  64  14:02  Assimilator  
  64  14:14  Pylon  
Show
View Real Time Build Order
Export as new Build Order

Fedayi Protoss 

Build Orders:  

Get SALT Encoding   

  12  0:02  Probe  
  12  0:20  Probe (Chrono Boost)  
  3  0:31  Probe (Chrono Boost)  
Show
View Real Time Build Order
Export as new Build Order

Razmig Terran 

Build Orders:  

Get SALT Encoding   

  12  0:04  SCV  
  13  0:17  Supply Depot  
  13  0:18  SCV  
  14  0:28  Refinery  
  14  0:46  SCV  
  15  0:59  SCV  
  16  1:07  Refinery  
  16  1:15  Barracks  
  16  1:18  SCV  
  17  1:32  SCV  
  18  1:44  SCV  
  19  1:59  SCV  
  20  2:06  Factory  
  20  2:07  Marine  
  21  2:11  SCV  
  22  2:23  Orbital Command  
  22  2:25  Marine  
  23  2:43  Marine  
  17  3:01  Marine  
  12  3:10  SCV  
  2  3:22  SCV  
  1  4:31  Refinery  
  1  4:54  Orbital Command  
  1  4:57  Refinery  
  1  5:21  SCV  
  2  5:33  SCV  
  3  5:41  Supply Depot  
  3  5:45  SCV  
  4  5:52  Marine  
  5  5:57  SCV  
  6  6:09  SCV  
  6  6:10  Marine  
  8  6:21  SCV  
  9  6:29  Factory  
  9  6:33  SCV  
  10  6:42  Marine  
  10  6:45  SCV  
  12  6:57  SCV  
  12  7:00  Marine  
  14  7:11  SCV  
  15  7:18  Marine  
  16  7:23  SCV  
  17  7:35  SCV  
  18  7:47  Factory Tech Lab, SCV  
  19  7:59  Supply Depot, SCV  
  19  8:05  Starport  
  20  8:16  Marine  
  22  8:27  SCV  
  22  8:34  Marine  
  22  8:39  SCV  
  24  8:54  SCV  
  25  9:01  Marine  
  26  9:06  SCV, Starport Tech Lab  
  27  9:15  Siege Tank  
  30  9:18  SCV  
  31  9:35  Supply Depot  
  31  9:57  SCV  
  31  9:59  Supply Depot  
  32  10:03  Marine  
  32  10:05  Siege Tank  
  36  10:09  SCV  
  37  10:21  SCV  
  37  10:24  Supply Depot  
  38  10:33  SCV  
  39  10:35  Command Center  
  39  10:48  Fusion Core  
  39  10:50  SCV  
  40  11:04  SCV  
  41  11:15  Bunker  
  41  11:16  SCV  
  42  11:30  Siege Tank  
  45  11:35  Battlecruiser  
  51  11:40  Weapon Refit  
  51  11:47  Orbital Command  
  51  12:07  Supply Depot  
  51  12:14  Bunker  
  51  12:21  Siege Tank  
  54  12:27  SCV  
  55  12:39  SCV  
  55  12:43  Battlecruiser  
  62  12:51  SCV  
  62  12:58  Supply Depot  
  63  13:01  Supply Depot  
  63  13:03  SCV  
  64  13:15  SCV  
  65  13:25  Siege Tank  
  68  13:28  SCV  
  69  13:40  SCV  
  70  13:42  Refinery  
  70  13:50  Starport  
  70  13:52  SCV  
  71  14:04  SCV  
  72  14:14  Battlecruiser  
  72  14:15  Armory  
  72  14:16  SCV  
  79  14:28  SCV  
  80  14:34  SCV  
  81  14:40  SCV  
  81  14:41  Starport Tech Lab  
  89  15:30  Starport  
Show
View Real Time Build Order
Export as new Build Order

Marquis Protoss 

Build Orders:  

Get SALT Encoding   

  12  0:08  Probe (Chrono Boost)  
  13  0:17  Pylon  
  13  0:21  Probe (Chrono Boost)  
  14  0:43  Probe  
  14  0:52  Gateway  
  14  0:55  Probe  
  15  0:58  Assimilator  
  15  1:08  Probe (Chrono Boost)  
  16  1:15  Forge  
  16  1:20  Probe (Chrono Boost)  
  16  1:25  Assimilator  
  17  1:28  Probe (Chrono Boost)  
  18  1:48  Pylon  
  18  1:52  Probe  
  18  1:53  Zealot  
  21  2:06  Cybernetics Core  
  21  2:16  Photon Cannon  
  21  2:22  Photon Cannon  
  21  2:46  Photon Cannon  
  21  2:53  Probe, Pylon  
  22  3:05  Photon Cannon  
  22  3:16  Photon Cannon  
  22  3:28  Probe (Chrono Boost)  
  23  3:36  Twilight Council  
  23  3:37  Probe (Chrono Boost)  
  24  3:49  Probe  
  24  3:52  Pylon  
  25  3:57  Warp Gate (Chrono Boost)  
  25  3:59  Zealot  
  27  4:11  Photon Cannon  
  27  4:19  Gateway  
  27  4:46  Gateway  
  23  5:26  Charge (Chrono Boost)  
  21  5:37  Pylon  
  19  5:43  Zealot  
  19  5:49  Pylon  
  17  5:50  Probe  
  18  6:02  Probe  
  19  6:04  Pylon  
  19  6:14  Probe  
  20  6:26  Probe, Pylon  
  20  6:31  Photon Cannon  
  21  6:38  Probe  
  22  6:50  Probe  
  22  6:52  Nexus  
  22  7:01  Pylon  
  22  7:07  Zealot  
  24  7:23  Zealot x2  
  28  7:37  Robotics Facility  
  28  7:38  Zealot  
  30  7:45  Photon Cannon  
  30  7:55  Assimilator  
  30  7:56  Probe (Chrono Boost)  
  31  7:59  Assimilator  
  31  8:10  Probe (Chrono Boost)  
  32  8:15  Photon Cannon  
  32  8:22  Probe (Chrono Boost)  
  32  8:25  Observer  
  34  8:31  Photon Cannon  
  34  8:33  Probe (Chrono Boost)  
  36  8:36  Probe (Chrono Boost)  
  37  8:43  Probe (Chrono Boost)  
  37  8:45  Zealot  
  37  8:47  Observer  
  40  8:55  Probe  
  41  8:58  Probe  
  42  9:04  Pylon  
  42  9:18  Probe (Chrono Boost)  
  43  9:28  Probe (Chrono Boost)  
  44  9:32  Probe (Chrono Boost)  
  45  9:42  Robotics Bay  
  45  9:44  Probe  
  46  9:45  Pylon  
  46  9:48  Pylon  
  46  9:56  Probe  
  47  10:08  Probe  
  48  10:20  Probe  
  49  10:30  Zealot x3, Colossus (Chrono Boost)  
  49  10:33  Probe  
  62  10:45  Probe  
  63  10:59  Probe  
  63  11:00  Robotics Facility  
  64  11:10  Nexus  
  64  11:11  Probe  
  65  11:19  Robotics Facility  
  65  11:23  Probe  
  66  11:35  Probe  
  66  11:36  Gateway  
  66  11:38  Gateway  
  67  11:40  Gateway  
  67  11:42  Assimilator  
  67  11:47  Assimilator  
  67  11:48  Gateway, Colossus  
  67  11:53  Zealot x3  
  79  12:08  Pylon  
  79  12:12  Photon Cannon  
  79  12:14  Pylon  
  79  12:18  Probe (Chrono Boost)  
  79  12:20  Probe (Chrono Boost)  
  82  12:30  Warp Prism (Chrono Boost), Probe (Chrono Boost)  
  82  12:32  Observer (Chrono Boost), Probe (Chrono Boost)  
  82  12:36  Probe (Chrono Boost)  
  87  12:43  Probe  
  94  12:51  Colossus (Chrono Boost)  
  94  12:55  Probe  
  94  12:57  Warp Prism  
  97  13:17  Stalker x5  
  97  13:18  Stalker x2  
  93  13:42  Colossus x2  
  105  13:55  Pylon  
  105  13:59  Pylon  
  105  14:00  Probe (Chrono Boost)  
  105  14:02  Gateway  
  106  14:06  Gateway  
  106  14:09  Gateway  
  107  14:11  Probe (Chrono Boost)  
  107  14:15  Probe (Chrono Boost)  
  107  14:34  Zealot x2  
  107  14:35  Zealot x5  
  125  15:18  Stalker x5  
  125  15:19  Stalker x2  
Tags
 
Add a new tag
Caveats
  • Supply blocks, unpowered buildings, or Contaminate may cause inaccurate times.
  • Supply counts are checked every 10 seconds.